 Dungeon Crawl Stone Soup version 0.25.1-2-g60ff931df9 (webtiles) character file.

Game seed: 7696174064241072548

111 Tobbi the Chopper (level 4, 0/37 HPs)
             Began as a Demonspawn Berserker on Sept 18, 2020.
             Was a Believer of Trog.
             Killed from afar by an orc wizard (7 damage)
             ... with a magic dart
             ... on level 3 of the Dungeon.
             The game lasted 00:19:31 (1871 turns).

Tobbi the Chopper (Demonspawn Berserker)            Turns: 1871, Time: 00:19:34

Health: 0/37       AC:  8    Str: 19    XL:     4   Next: 62%
Magic:  4/4        EV:  8    Int:  8    God:    Trog [**....]
Gold:   104        SH:  0    Dex: 12    Spells: 3/3 levels left

rFire    . . .     SeeInvis .   a - +0 hand axe
rCold    . . .     Gourm    .   (no shield)
rNeg     . . .     Faith    .   e - +0 chain mail
rPois    .         Spirit   .   (no helmet)
rElec    .         Reflect  .   (no cloak)
rCorr    .         Harm     .   (no gloves)
MR       .....                  (no boots)
Stlth    ..........             (no amulet)
HPRegen  0.12/turn              (no ring)
MPRegen  0.09/turn              (no ring)

@: no status effects
A: demonic guardian 1, powered by pain 1
a: Berserk, Trog's Hand, Renounce Religion


You were on level 3 of the Dungeon.
You worshipped Trog.
Trog was pleased with you.
You were not hungry.

You visited 1 branch of the dungeon, and saw 3 of its levels.

You collected 104 gold pieces.

Inventory:

Hand Weapons
 a - a +0 hand axe (weapon)
Armour
 b - a +0 animal skin
 e - a +0 chain mail (worn)
Jewellery
 h - a cursed ring of teleportation
 l - an uncursed ring of poison resistance {unknown}
 n - a cursed ring of attention {unknown}
Wands
 k - a wand of flame (13)
Scrolls
 i - a scroll of teleportation
 o - a scroll of remove curse {unknown}
 p - a scroll of amnesia {unknown}
Potions
 d - 3 potions of heal wounds {unknown}
 f - a potion of brilliance {unknown}
 g - a potion of degeneration {unknown}
Comestibles
 c - 3 rations
 j - 7 chunks of flesh


   Skills:
 + Level 3.6 Fighting
 * Level 4.1 Axes
 + Level 2.0 Armour
 - Level 2.2 Dodging


You had 3 spell levels left.
You didn't know any spells.
Your spell library was empty.

Dungeon Overview and Level Annotations

Branches:
Dungeon (3/15)

Altars:
Trog

Annotations:
D:3 Sigmund


Innate Abilities, Weirdness & Mutations

A weak demonic guardian rushes to your aid.
You sometimes gain a little power by taking damage.


Message History

Unknown command.
You closely miss the orc wizard.
The orc wizard is almost dead.
The orc wizard hits you but does no damage.
Your iron imp hits the orc wizard but does no damage.
The orc wizard points at you and mumbles some strange words.
The magic dart hits you.
You hit the orc wizard.
The orc wizard is almost dead.
The orc wizard casts a spell at you. You resist with some effort.
Your iron imp closely misses the orc wizard.
You barely miss the orc wizard.
The orc wizard is almost dead.
The orc wizard casts a spell at you. The magic dart hits you!
* * * LOW HITPOINT WARNING * * *
The orc wizard points at you and mumbles some strange words.
The magic dart hits you!
You die...

..... .<#
#.#.# ...(. .
...# #...b
..###..## #
... ......#
#.... .....##
.... #....#
#### #.
##.5..###
#...#.o@....#
.......<....#
##$.#...)...#
#. ###!..###
#...# ##.##
#.# #.# #.#


You could see an orc wizard (fast) and a friendly iron imp (summoned).

Vanquished Creatures
  4 gnolls (D:2)
  2 adders (D:2)
  A worm (D:2)
  A dart slug (D:1)
  A leopard gecko (D:3)
  2 orcs (D:2)
  A ball python (D:1)
  4 bats (D:1)
  3 giant cockroaches
  5 goblins
  7 hobgoblins
  A quokka (D:2)
  5 frilled lizards
  8 kobolds
  A rat (D:2)
46 creatures vanquished.

Vanquished Creatures (collateral kills)
  A leopard gecko (D:3)
  An orc (D:3)
  A goblin (D:3)
  2 kobolds (D:3)
5 creatures vanquished.

Grand Total: 51 creatures vanquished

Notes
Turn   | Place    | Note
-------+----------+-------------------------------------------
     0 | D:1      | Tobbi the Demonspawn Berserker began the quest for the Orb.
     0 | D:1      | Reached XP level 1. HP: 18/18 MP: 1/1
   143 | D:1      | Gained mutation: A weak demonic guardian rushes to your
                  | aid. [demonic ancestry]
   143 | D:1      | Reached XP level 2. HP: 23/24 MP: 2/2
   300 | D:1      | Reached skill level 3 in Axes
   621 | D:1      | Reached ** piety under Trog
   709 | D:2      | Gained mutation: You sometimes gain a little power by
                  | taking damage. [demonic ancestry]
   709 | D:2      | Reached XP level 3. HP: 29/29 MP: 3/3
   838 | D:2      | Reached XP level 4. HP: 18/35 MP: 4/4
  1485 | D:2      | Found a bloodstained altar of Trog.
  1644 | D:3      | Noticed Sigmund
  1735 | D:3      | Reached skill level 4 in Axes
  1871 | D:3      | Killed from afar by an orc wizard

Illustrated notes

Levels and vault maps discovered:
D:1:      lemuel_arrival_broad_hall, layout_basic
D:2:      layout_rooms, lemuel_coloured_pillars_altar, first_ration,
          kennysheep_generic_room_9
D:3:      layout_loops_ring, overflow_temple_1_default, uniq_robin, uniq_sigmund

Skill      XL: |  1  2  3  4 |
---------------+-------------+-----
Dodging        | 2 |  2.2
Axes           | 3 4 |  4.1
Armour         | 2 |  2.0
Fighting       | |  3.6

Action                   |  1- 3 |  4- 6 || total
-------------------------+-------+-------++-------
Melee: Hand axe          |    96 |    78 ||   174
  Use: Scroll            |     1 |     2 ||     3
 Stab: Sleeping          |     1 |       ||     1
  Eat: Ration            |       |     1 ||     1
Armor: Animal skin       |    14 |       ||    14
       Chain mail        |    27 |    47 ||    74
Dodge: Dodged            |    45 |    36 ||    81
